Map: Oxide LE

Players

Rail - Winner!

  • Race: Protoss Protoss
  • League: Master
  • Spawn Location: 7:00

milkicow

  • Race: Terran Terran
  • League: Grandmaster
  • Spawn Location: 1:00

Event: DreamHack SC2 Masters 2020 Winter

VOD

Have the link to the VOD?

Description

Time

  • Played on: Oct. 28, 2020, 12:18 p.m.
  • Length: 12:39

All games in this series

Show
View Real Time Build Order
Export as new Build Order

Rail Protoss - Winner!

Build Orders: 1 Gate Expand, Phoenix Opening, Colossus Rush 

Get SALT Encoding   

  12  0:00  Probe  
  13  0:12  Probe  
  14  0:16  Pylon  
  14  0:24  Probe (Chrono Boost)  
  15  0:36  Probe (Chrono Boost)  
  15  0:37  Gateway  
  16  0:44  Probe (Chrono Boost)  
  16  0:48  Assimilator  
  17  0:51  Probe  
  18  1:03  Probe  
  19  1:15  Probe  
  20  1:24  Cybernetics Core  
  20  1:33  Nexus  
  20  1:41  Pylon  
  20  1:46  Assimilator  
  20  1:48  Probe  
  21  2:01  Probe, Adept (Chrono Boost)  
  24  2:18  Probe  
  24  2:21  Stargate  
  25  2:24  Adept  
  27  2:31  Probe  
  28  2:40  Warp Gate  
  29  2:45  Probe (Chrono Boost)  
  29  2:47  Probe (Chrono Boost)  
  30  2:56  Probe (Chrono Boost)  
  30  2:57  Adept  
  34  2:59  Probe (Chrono Boost)  
  34  3:01  Probe (Chrono Boost)  
  34  3:05  Phoenix (Chrono Boost)  
  35  3:07  Probe  
  35  3:12  Probe  
  40  3:20  Probe  
  40  3:24  Probe, Robotics Facility  
  41  3:28  Gateway  
  41  3:32  Probe  
  42  3:36  Phoenix  
  42  3:39  Pylon  
  45  3:48  Probe  
  45  3:49  Probe  
  45  3:51  Assimilator  
  46  3:58  Pylon  
  46  4:01  Probe (Chrono Boost), Phoenix  
  49  4:06  Probe (Chrono Boost)  
  50  4:13  Probe (Chrono Boost)  
  46  4:18  Probe (Chrono Boost)  
  46  4:19  Probe (Chrono Boost)  
  46  4:23  Observer  
  46  4:25  Probe (Chrono Boost)  
  46  4:28  Pylon  
  46  4:30  Assimilator  
  46  4:31  Probe (Chrono Boost), Zealot  
  50  4:32  Zealot  
  50  4:37  Probe (Chrono Boost)  
  53  4:42  Immortal (Chrono Boost)  
  53  4:43  Pylon  
  57  4:46  Probe (Chrono Boost)  
  57  4:48  Probe (Chrono Boost)  
  57  4:52  Robotics Bay  
  59  4:54  Probe, Zealot  
  59  4:57  Sentry  
  59  4:58  Probe  
  65  5:07  Phoenix  
  65  5:10  Pylon  
  67  5:18  Nexus  
  67  5:24  Stalker, Adept  
  67  5:27  Probe  
  72  5:28  Probe  
  72  5:33  Shield Battery  
  73  5:37  Colossus (Chrono Boost)  
  79  5:45  Probe  
  79  5:47  Pylon  
  80  5:54  Gateway x2  
  80  6:03  Probe  
  80  6:04  Probe  
  82  6:06  Twilight Council, Extended Thermal Lance  
  82  6:12  Pylon  
  82  6:15  Probe, Sentry  
  82  6:17  Probe  
  86  6:18  Observer  
  92  6:28  Stalker  
  92  6:30  Probe  
  92  6:31  Probe  
  92  6:32  Probe  
  97  6:38  Zealot  
  97  6:39  Colossus (Chrono Boost)  
  99  6:42  Charge (Chrono Boost)  
  99  6:43  Probe x2  
  99  6:44  Probe  
  102  6:49  Pylon  
  101  6:55  Probe, Zealot x2  
  101  6:58  Pylon  
  97  7:01  Pylon  
  97  7:02  Pylon  
  93  7:17  Stalker, Zealot x2  
  97  7:23  Colossus  
  97  7:27  Phoenix  
  103  7:33  Probe  
  103  7:34  Probe  
  99  7:38  Probe  
  99  7:40  Sentry, Zealot x3  
  108  7:45  Gateway  
  108  7:46  Probe  
  108  7:49  Probe  
  108  7:51  Assimilator  
  110  7:52  Forge  
  110  7:53  Forge  
  110  7:54  Phoenix  
  110  7:55  Probe  
  110  7:58  Probe  
  114  8:01  Stalker, Zealot x2  
  114  8:03  Zealot  
  114  8:05  Probe  
  123  8:07  Pylon  
  123  8:09  Probe  
  123  8:12  Disruptor  
  116  8:27  Phoenix (Chrono Boost)  
  116  8:29  Sentry, Zealot x3  
  116  8:31  Assimilator  
  126  8:38  Probe  
  127  8:42  Protoss Ground Weapons Level 1 (Chrono Boost)  
  127  8:43  Gateway x2  
  127  8:44  Protoss Ground Armor Level 1 (Chrono Boost)  
  127  8:45  Phoenix (Chrono Boost)  
  129  8:50  Nexus  
  129  8:51  Pylon  
  129  8:57  Stalker, Zealot x2  
  129  9:00  Warp Prism (Chrono Boost)  
  137  9:05  Stalker  
  137  9:08  Photon Cannon  
  139  9:11  Pylon  
  139  9:16  Pylon  
  139  9:19  Stalker x2  
  143  9:24  Templar Archives  
  143  9:32  Probe  
  143  9:33  Immortal (Chrono Boost)  
  143  9:38  Sentry, Zealot  
  152  9:39  Shield Battery  
  152  9:49  Stalker  
  152  9:50  Stalker, Zealot  
  158  9:53  Stalker, Zealot  
  158  9:57  Probe x2  
  164  10:01  Gateway  
  164  10:03  Zealot  
  164  10:04  Zealot  
  168  10:09  Probe  
  168  10:11  Observer  
  170  10:15  Gateway  
  170  10:17  Stalker x3  
  170  10:20  Stalker  
  178  10:23  Stalker  
  178  10:25  Protoss Ground Weapons Level 2 (Chrono Boost)  
  176  10:30  Probe x2  
  176  10:31  Pylon  
  176  10:32  Pylon, Observer  
  179  10:38  Probe  
  179  10:39  Psionic Storm  
  180  10:47  Photon Cannon  
  180  10:48  Probe x2  
  182  10:50  Stalker  
  182  10:54  Zealot x2  
  188  10:59  Stalker x2  
  192  11:07  Stalker  
  192  11:17  Zealot x5  
  200  11:22  High Templar  
  200  11:25  Gateway  
  200  11:29  High Templar  
  200  11:32  Photon Cannon  
  200  11:34  Assimilator  
  200  11:35  Photon Cannon x2, Assimilator  
  200  12:00  Nexus  
  192  12:02  Stalker, Zealot x3  
  192  12:06  Stalker x2  
  200  12:10  Pylon  
  182  12:29  Stalker, Zealot x2  
  156  12:30  Zealot x3  
  156  12:31  Zealot x3  
  156  12:34  Archon  
Show
View Real Time Build Order
Export as new Build Order

milkicow Terran 

Build Orders: Reaper Expand 

Get SALT Encoding   

  12  0:02  SCV  
  13  0:14  SCV  
  14  0:17  Supply Depot  
  14  0:26  SCV  
  15  0:39  SCV  
  16  0:43  Barracks  
  16  0:46  Refinery  
  16  0:53  SCV  
  17  1:06  SCV  
  18  1:20  SCV  
  19  1:30  Reaper  
  19  1:32  Orbital Command  
  20  1:44  Command Center  
  20  1:58  SCV, Bunker  
  21  2:04  Supply Depot  
  21  2:08  Marine  
  21  2:10  SCV  
  23  2:22  Factory  
  23  2:26  SCV  
  23  2:28  Barracks Reactor  
  24  2:33  Refinery  
  24  2:38  SCV  
  24  2:50  SCV  
  25  2:58  Orbital Command  
  25  3:02  SCV  
  26  3:08  Starport  
  26  3:09  Marine x2  
  28  3:13  Hellion  
  28  3:15  SCV  
  31  3:26  SCV, Marine  
  31  3:27  SCV, Marine  
  34  3:34  Widow Mine  
  34  3:38  SCV  
  34  3:39  SCV  
  38  3:42  Supply Depot  
  38  3:44  Marine x2  
  38  3:46  Viking  
  42  3:50  SCV  
  42  3:51  SCV  
  44  3:56  Widow Mine  
  46  4:04  SCV x2, Marine  
  46  4:07  Supply Depot  
  49  4:13  Barracks  
  49  4:15  Barracks  
  49  4:16  SCV  
  49  4:18  SCV, Marine  
  49  4:23  Starport Tech Lab, Factory Tech Lab  
  48  4:27  Engineering Bay  
  48  4:28  SCV, Refinery  
  48  4:30  Marine  
  50  4:32  SCV  
  51  4:40  SCV  
  51  4:45  SCV  
  53  4:46  Siege Tank  
  53  4:51  Starport Reactor  
  53  4:52  SCV  
  57  4:57  SCV  
  57  4:58  Marine x2  
  60  5:00  Terran Infantry Weapons Level 1  
  60  5:01  Supply Depot  
  60  5:04  SCV  
  61  5:09  SCV, Barracks Tech Lab  
  61  5:10  Stimpack  
  62  5:15  Supply Depot  
  62  5:18  Supply Depot  
  62  5:22  Marine x2  
  62  5:23  SCV, Marauder  
  62  5:24  Supply Depot  
  62  5:25  SCV  
  68  5:30  Factory Reactor  
  68  5:32  Combat Shield  
  68  5:34  Marauder  
  70  5:36  SCV, Medivac  
  70  5:37  SCV  
  70  5:38  Supply Depot  
  70  5:40  Supply Depot  
  74  5:44  Medivac  
  74  5:47  Marauder  
  74  5:48  Supply Depot, Marine  
  79  5:50  Reaper  
  79  5:51  SCV  
  79  5:55  SCV  
  82  5:58  Marauder  
  82  6:02  Supply Depot  
  84  6:08  Supply Depot, Refinery  
  84  6:09  Marine  
  84  6:10  Medivac, Marauder  
  89  6:12  SCV  
  89  6:14  Widow Mine  
  89  6:15  SCV  
  93  6:19  Widow Mine  
  93  6:22  Medivac  
  97  6:33  SCV x2  
  97  6:39  Marauder, Command Center, Marine  
  102  6:43  Widow Mine x2  
  102  6:45  SCV  
  107  6:50  Marauder  
  109  7:01  Marauder  
  110  7:06  SCV  
  110  7:08  Marine  
  107  7:09  Viking x2, Widow Mine x2  
  107  7:11  Marauder  
  107  7:13  Marine  
  117  7:17  SCV  
  117  7:20  Barracks  
  117  7:22  Marauder  
  119  7:25  Marine  
  110  7:32  Marauder  
  110  7:33  SCV, Widow Mine x2  
  110  7:34  Terran Infantry Armor Level 1  
  115  7:38  Marine  
  115  7:39  Viking  
  115  7:43  Marauder  
  118  7:44  SCV  
  118  7:47  Marine  
  118  7:49  SCV  
  120  7:54  Supply Depot, Marauder  
  120  7:55  Orbital Command  
  120  7:56  Supply Depot  
  122  8:05  Marauder  
  124  8:06  Marine  
  124  8:07  SCV  
  124  8:11  SCV  
  127  8:18  Supply Depot  
  127  8:19  SCV  
  128  8:23  Marine  
  128  8:26  Marauder  
  114  8:27  Marine  
  114  8:28  Marauder  
  114  8:29  SCV x2  
  114  8:31  Barracks Tech Lab  
  119  8:34  Refinery  
  119  8:36  Engineering Bay, Refinery  
  119  8:37  Armory  
  119  8:39  Viking  
  119  8:40  Viking  
  125  8:41  Widow Mine x2  
  125  8:42  SCV x2  
  125  8:45  SCV  
  125  8:46  Ghost Academy  
  125  8:48  Marauder  
  132  8:50  Barracks  
  132  8:52  Barracks  
  132  8:58  SCV  
  132  9:02  Marauder x2, Marine  
  137  9:03  Concussive Shells  
  137  9:04  SCV x2  
  137  9:06  Supply Depot  
  140  9:10  Missile Turret  
  140  9:14  Missile Turret x2  
  140  9:15  Viking  
  140  9:16  Viking, Missile Turret  
  144  9:17  Starport  
  144  9:19  Enhanced Shockwaves  
  144  9:24  Terran Infantry Weapons Level 2  
  144  9:27  Terran Infantry Armor Level 2  
  144  9:31  Marauder  
  146  9:40  SCV x2  
  146  9:41  SCV  
  149  9:47  Marauder, Marine  
  149  9:49  Viking x2  
  149  9:52  SCV  
  157  9:54  Command Center  
  157  10:00  Marauder  
  157  10:01  SCV x2  
  157  10:04  SCV, Terran Ship Weapons Level 1  
  157  10:05  Barracks Tech Lab  
  157  10:06  Viking x2  
  165  10:08  Supply Depot  
  165  10:10  Supply Depot  
  165  10:19  SCV  
  165  10:20  Marauder  
  166  10:23  Liberator x2  
  171  10:30  SCV  
  171  10:31  Refinery  
  171  10:35  Command Center  
  172  10:36  Liberator  
  172  10:40  Marine, Liberator  
  179  10:55  Marauder  
  179  10:56  Marauder x3  
  180  11:15  Ghost  
  180  11:16  Ghost  
  171  11:19  Liberator  
  171  11:21  SCV x3  
  177  11:29  Command Center x2  
  177  11:33  SCV  
  177  11:35  Missile Turret  
  177  11:36  Planetary Fortress, Missile Turret x2  
  177  11:39  Refinery  
  177  11:43  Barracks Tech Lab  
  177  11:44  Missile Turret  
  177  11:45  Missile Turret  
  177  11:50  Orbital Command  
  177  11:52  Ghost x2  
Tags
 
Add a new tag
Caveats
  • Supply blocks, unpowered buildings, or Contaminate may cause inaccurate times.
  • Supply counts are checked every 10 seconds.